 Dungeon Crawl Stone Soup version 0.32-a0-450-g080537f31e (webtiles) character file.

Game seed: 11846868492414680584

228 cforsyth the Slasher (level 6, -5/48 HPs)
             Began as a Coglin Gladiator on Feb 24, 2024.
             Slain by a gnoll
             ... wielding a +1 flail of protection
              (11 damage)
             ... on level 4 of the Dungeon.
             The game lasted 00:03:24 (2742 turns).

cforsyth the Slasher (Coglin Gladiator)             Turns: 2742, Time: 00:03:25

Health: -5/48      AC: 12    Str: 14    XL:     6   Next: 2%
Magic:  6/6        EV: 10    Int:  8    God:
Gold:   154        SH:  0    Dex: 17    Spells: 5/5 levels left

rFire   . . .        a - +0 long sword {Hachiro}
rCold   . . .        (no shield)
rNeg    . . .        r - +5 scale mail of Existentialism {Will+}
rPois   .            c - +0 helmet
rElec   .            (no cloak)
rCorr   .            (no gloves)
SInv    .            (no boots)
Will    +++..        (no amulet) Stlth
                     W - ring of willpower
HPRegen 0.28/turn    w - ring of willpower
MPRegen 0.10/turn

%: no passive effects
@: lethally poisoned (-5 -> -10), hasted, revving, very quick
A: off-hand wielding, slow wielding, warmup strikes, legs shutdown
a: no special abilities


You were on level 4 of the Dungeon.
You visited 1 branch of the dungeon, and saw 4 of its levels.

You collected 154 gold pieces.


Innate Abilities, Weirdness & Mutations

You can wield a second weapon in your off-hand.
It takes a long time for you to wield or remove held weapons.
Your first few attacks do less damage.
Attacking and casting redirects power from your legs.


   Skills:
 + Level 3.9 Fighting
 + Level 4.4 Long Blades
 - Level 1.7 Throwing
 + Level 2.6 Armour
 - Level 2.6 Dodging


You had 5 spell levels left.
You didn't know any spells.
Your spell library contained the following spells:

 Spells                   Type           Power      Damage    Failure   Level
 Jinxbite                 Hex            0%         N/A       95%         2
 Yara's Violent Unravell  Hex/Alch       0%         3d3       100%        5
 Enfeeble                 Hex            0%         N/A       100%        7

Inventory:

Hand Weapons
 a - a +0 long sword (weapon) {Hachiro}
Missiles
 d - 3 throwing nets (quivered) {=f}
 e - a javelin
Armour
 b - a +0 leather armour
 c - a +0 helmet (worn)
 i - a +0 pair of gloves
 r - the +5 scale mail of Existentialism (worn) {Will+}
   (You found it on level 4 of the Dungeon)

   Will+:     It increases your willpower.
Jewellery
 w - a ring of willpower (right grasper)
 N - a ring of positive energy
 W - a ring of willpower (left grasper)
Scrolls
 h - 7 scrolls of identify {unknown}
 j - a scroll of enchant weapon {unknown}
 n - a scroll of fog {unknown}
 o - a scroll of fear {unknown}
 q - a scroll of amnesia {unknown}
Potions
 f - a potion of haste {@q3}
 g - a potion of might {unknown}
 k - 2 potions of heal wounds {unknown}
 l - 2 potions of degeneration {unknown}
 m - a potion of lignification {unknown}
 p - a potion of invisibility {unknown}

Dungeon Overview and Level Annotations

Branches:
Dungeon (4/15)
 Temple: D:4-7

Altars:

...........#..............
........###.............
...................... #..
#....................
#...##....####....##......
.........## ###..##.......
.....#.gS.###......#......
....##..ggs###.)#.##..#...
#.. #..##@.##...#.....#...
........#..........†......
.#..####.....##...........
##. ##...#.###.....##..(.
#..#...............##...
#.)........#..........
##....<....#......>...
#....................
#......##........#....


You could see a scorpion, 3 gnolls and an adder.


Message History

The gnoll barely misses you.
The gnoll hits you with a +1 flail of protection.
The scorpion stings you.
* * * LOW HITPOINT WARNING * * *
You are poisoned.
The scorpion poisons you!
You cannot move.
You cannot move.
You cannot move.
You are no longer unable to travel.
You feel very sick. The adder bites you but does no damage.
The gnoll hits you but does no damage. x2
The gnoll misses you.
The scorpion stings you but does no damage.
The adder bites you but does no damage.
You feel sick. The adder attacks as it pursues you! The adder bites you.
* * * LOW HITPOINT WARNING * * *
You are more poisoned.
The adder poisons you!
You feel very sick. The gnoll attacks as it pursues you!
The gnoll hits you but does no damage.
You feel sick. The scorpion closely misses you.
You feel sick. The gnoll hits you but does no damage.
The scorpion attacks as it pursues you! The scorpion stings you.
* * * LOW HITPOINT WARNING * * *
It was a potion of haste.
You feel yourself speed up.
* * * LOW HITPOINT WARNING * * *
You feel sick.
The gnoll hits you with a +1 flail of protection!
You die...

Skill      XL: |  1  2  3  4 |
---------------+-------------+-----
Armour         | 1 2 |  2.6
Fighting       | 3 |  3.9
Long Blades    | 4 |  4.4
Throwing       | |  1.7
Dodging        | |  2.6

Action                     |  1- 3 |  4- 6 || total
---------------------------+-------+-------++-------
  Melee: Long sword        |   104 |   116 ||   220
    Use: Potion            |       |     1 ||     1
   Stab: Sleeping          |     3 |       ||     3
 Armour: Leather armour    |    60 |    57 ||   117
         Scale mail        |       |    23 ||    23
  Dodge: Dodged            |    92 |    83 ||   175

Levels and vault maps discovered:
D:1:      noname_arrival_rooms_in_the_neighbourhood, layout_basic
D:2:      layout_loops_ring
D:3:      layout_basic, nicolae_concentric_dashed_squares_mild
D:4:      layout_cave_pools, serial_shops, nicolae_shop_behind_doors,
          st_stairs_1, nicolae_shop_i_like_big_books

Notes
Turn   | Place    | Note
-------+----------+-------------------------------------------
     0 | D:1      | cforsyth the Coglin Gladiator began the quest for the Orb.
     0 | D:1      | Reached XP level 1. HP: 16/16 MP: 1/1
    73 | D:1      | Reached XP level 2. HP: 21/22 MP: 2/2
   225 | D:1      | Reached skill level 1 in Armour
   308 | D:1      | Reached XP level 3. HP: 27/28 MP: 3/3
  1081 | D:2      | Reached XP level 4. HP: 34/34 MP: 4/4
  1150 | D:2      | Reached skill level 3 in Fighting
  1624 | D:3      | Reached skill level 2 in Armour
  1701 | D:3      | Reached skill level 4 in Long Blades
  1701 | D:3      | Reached XP level 5. HP: 41/41 MP: 5/5
  2610 | D:4      | Reached XP level 6. HP: 38/48 MP: 6/6
  2690 | D:4      | Identified the +5 scale mail of Existentialism {Will+}
  2742 | D:4      | Slain by a gnoll

Vanquished Creatures
  An iguana (D:4)
  An orc wizard (D:3)
  3 gnolls (D:3)
  7 adders
  A shadow imp (D:3)
  A ribbon worm (D:2)
  A dart slug (D:2)
  3 orcs (D:3)
  11 endoplasms
  4 giant cockroaches
  4 goblins
  4 hobgoblins
  2 jackals (D:3)
  2 quokkas
  10 ball pythons
  5 bats (D:1)
  A frilled lizard (D:2)
  6 kobolds
  5 rats
72 creatures vanquished.

Table legend: (Time is in decaauts)
 A = Elapsed time spent in this place.
 B = Non-inter-level travel time spent in this place.
 C = Inter-level travel time spent in this place.
 D = Time resting spent in this place.
 E = Time spent auto-exploring this place.
 F = Levels seen in this place.
 G = Mean time per level.
                   A        B        C        D        E       F      G
               +--------+--------+--------+--------+--------+-----+--------+
         Total |   2790 |   2699 |     91 |     60 |   2054 |   4 |  697.5 |
       Dungeon |   2790 |   2699 |     91 |     60 |   2054 |   4 |  697.5 |
               +--------+--------+--------+--------+--------+-----+--------+

Top non-repeatable levels by time:
     D:3: 1060 daAuts
     D:1: 781 daAuts
     D:2: 777 daAuts
     D:4: 170 daAuts

Table legend:
 A = Non-vault XP
 B = Vault XP
 C = Vault XP percentage of total XP
 D = Non-vault monster count
 E = Vault monster count
 F = Vault count percentage of total count
                 A         B        C        D         E       F
            +---------+---------+-------+---------+---------+-------
      Total |     326 |       0 |   0.0 |      72 |       0 |   0.0
            +---------+---------+-------+---------+---------+-------
        D:1 |      43 |       0 |   0.0 |      26 |       0 |   0.0
        D:2 |      63 |       0 |   0.0 |      22 |       0 |   0.0
        D:3 |     179 |       0 |   0.0 |      20 |       0 |   0.0
        D:4 |      41 |       0 |   0.0 |       4 |       0 |   0.0
            +---------+---------+-------+---------+---------+-------
